 Dungeon Crawl Stone Soup version 0.23.2-1-ga50397a6bc (webtiles) character file.

Game seed: 8540057359146567811

38 Kobolds4U the Skirmisher (level 3, 0/52 HPs)
             Began as a Minotaur Fighter on Apr 25, 2019.
             Slain by Sigmund
             ... wielding a +0 scythe
              (1 damage)
             ... on level 2 of the Dungeon.
             The game lasted 00:02:26 (839 turns).

Kobolds4U the Skirmisher (Minotaur Fighter)          Turns: 839, Time: 00:02:27

Health: 0/52       AC: 21    Str: 20    XL:     3   Next: 25%
Magic:  2/2        EV:  2    Int:  5    God:
Gold:   128        SH:  0    Dex: 10    Spells: 2/2 levels left

rFire    . . .     SeeInvis .   a - +0 war axe
rCold    . . .     Gourm    .   c - +0 shield
rNeg     + + +     Faith    .   (armour currently unavailable)
rPois    +         Spirit   .   (helmet currently unavailable)
rElec    .         Reflect  .   (cloak currently unavailable)
rCorr    .         Harm     .   (gloves currently unavailable)
MR       .....     NoTele   +   (boots currently unavailable)
Stlth    +.........             (no amulet)
HPRegen  0.17/turn              (no ring)
MPRegen  0.08/turn              (no ring)

@: confused, tree-form
A: (retaliatory headbutt)
a: no special abilities


You were on level 2 of the Dungeon.
You were not hungry.
You were a tree.
You visited 1 branch of the dungeon, and saw 2 of its levels.

You collected 128 gold pieces.

Inventory:

Hand Weapons
 a - a +0 war axe (weapon)
Armour
 b - a +0 scale mail (melded)
 c - a +0 shield (worn)
Jewellery
 p - an uncursed ring of flight {unknown}
Scrolls
 e - 2 scrolls of identify {unknown}
 k - 2 scrolls of remove curse {unknown}
 n - a scroll of magic mapping {unknown}
 q - 2 scrolls of teleportation {unknown}
Potions
 d - a potion of might
 g - a potion of magic {unknown}
 h - a potion of resistance {unknown}
 j - 2 potions of curing {unknown}
 l - a potion of heal wounds {unknown}
 m - a potion of haste {unknown}
 o - 2 potions of lignification
Comestibles
 f - 5 rations
 i - 3 chunks of flesh


   Skills:
 * Level 4.8 Fighting
 + Level 3.2 Axes
 - Level 3.6 Armour
 - Level 3.6 Shields


You had 2 spell levels left.
You didn't know any spells.
Your spell library was empty.

Dungeon Overview and Level Annotations

Branches:
Dungeon (2/15)

Altars:

Annotations:
D:2 Robin, Sigmund


Innate Abilities, Weirdness & Mutations

((You reflexively headbutt those who attack you in melee.))
((You have a pair of horns on your head.))


Message History

You miss Sigmund. Your headbutt misses Sigmund.
Sigmund is almost dead.
You barely miss the goblin. You hit the goblin.
You hear a shout!
The goblin hits you with a +0 dagger.
* * * LOW HITPOINT WARNING * * *
Robin throws the goblin at you!
* * * LOW HITPOINT WARNING * * *
The goblin hits you but does no damage. Sigmund gestures at you while chanting.
The magic dart hits you but does no damage.
The goblin barely misses you. x2
A goblin comes into view. It is wielding a +0 dagger.
Robin hits you from afar with a +0 spear.
* * * LOW HITPOINT WARNING * * *
It was a potion of lignification.
You turn into a tree.
Your +0 scale mail melds into your body.
Your roots penetrate the ground.
The goblin hits you but does no damage. Sigmund hits you with a +0 scythe.
You die...

#....#.#
#....#.#
##..##.# ##.#
.# #.##.#
#..#.#
####.#.#
#.g....#
#♣g....#
#..gg@.g....#
###^........#
#.........#
#.........#
#........>..
############.


You could see Sigmund, Robin and 4 goblins.

Vanquished Creatures
  A dart slug (D:1)
  An orc (D:2)
  A ball python (D:2)
  A giant cockroach (D:1)
  7 goblins
  3 hobgoblins
  4 kobolds
  2 quokkas (D:2)
  4 bats
  2 frilled lizards
  6 rats
32 creatures vanquished.

Notes
Turn   | Place    | Note
-------+----------+-------------------------------------------
     0 | D:1      | Kobolds4U the Minotaur Fighter began the quest for the Orb.
     0 | D:1      | Reached XP level 1. HP: 19/19 MP: 0/0
     4 | D:1      | You fall through a shaft!
    99 | D:1      | Reached skill level 4 in Fighting
   241 | D:1      | Reached XP level 2. HP: 27/27 MP: 1/1
   595 | D:2      | Reached XP level 3. HP: 34/34 MP: 2/2
   829 | D:2      | Noticed Sigmund
   829 | D:2      | Noticed Robin
   838 | D:2      | HP: 1/35 [Robin/+0 spear (2)]
   839 | D:2      | Slain by Sigmund

Skill      XL: |  1  2 |
---------------+-------+-----
Fighting       | 4 |  4.8
Axes           | 3 |  3.2
Armour         | |  3.6
Shields        | |  3.6

Action                   || total
-------------------------++-------
Melee: War axe           ||    74
       Headbutt          ||    12
  Use: Potion            ||     1
Armor: Scale mail        ||    47
Dodge: Dodged            ||    23
Block: Shield            ||    37
